 Dungeon Crawl Stone Soup version 0.30-a0-586-g23e55c9e0a (webtiles) character file.

Game seed: 7351993996213070797

613858 karrick the Victor of a Thousand Battles (level 27, 0/223 HPs)
             Began as a Gnoll Gladiator on Jan 3, 2023.
             Was the Champion of Okawaru.
             Splashed by an acid blob's acid (9 damage)
             ... on level 6 of the Abyss on Jan 4, 2023.
             The game lasted 05:05:23 (70253 turns).

karrick the Victor of a Thousand Battles (GnGl)    Turns: 70253, Time: 05:05:23

Health: 0/223      AC: 15    Str: 25    XL:     27
Magic:  43/45      EV: 28    Int:  9    God:    Okawaru [******]
Gold:   3850       SH: 16    Dex: 22    Spells: 56/63 levels left

rFire   + . .      SeeInvis +    S - +9 broad axe (freeze)
rCold   . . .      Faith    +    Y - +3 buckler of Fageciut {Fly rF+ Str+4}
rNeg    + + +      Spirit   .    d - +7 chain mail of the Final Underlurkers {SInv Stlth+}
rPois   .          Reflect  .    H - -1 helmet of Valour {rElec rN++ Will+ Regen+ Str-4}
rElec   +          Harm     .    c - +2 cloak {Will+}
rCorr   .          Rampage  .    k - +3 pair of gauntlets of War {Slay+5}
Will    ++++.                    K - +2 pair of boots {Fly}
Stlth   +++++++                  F - amulet of faith
HPRegen 0.00/turn                q - ring of the Past {Fly Str+5 Dex+4}
MPRegen 0.29/turn                Z - ring of the Octopus King {rN+ HP+2 AC+2 EV+2 SH+2}

@: about to teleport, heroic, corroded, on berserk cooldown, sick, flying,
slowed, studying 4 skills, very slow
A: fangs 1, strong nose, distributed training, (teleportitis 1), weak 1
}: 3/15 runes: serpentine, barnacled, silver
a: Renounce Religion, Heroism, Finesse, Duel


You were on level 6 of the Abyss.
You worshipped Okawaru.
Okawaru was exalted by your worship.
You visited 9 branches of the dungeon, and saw 43 of its levels.
You visited the Abyss 8 times.
You visited 1 bazaar.
You also visited: Trove, Gauntlet and Ice Cave.

You collected 9712 gold pieces.
You spent 5862 gold pieces at shops.

Inventory:

Hand Weapons
 e - the +8 storm bow {elec, penet}
   (Okawaru gifted it to you on level 15 of the Dungeon)

   Any ammunition fired from it occasionally discharges a powerful burst of
   electricity upon striking a foe.
   Any ammunition fired by it passes through the targets it hits, potentially
   hitting all targets in its path until it reaches maximum range.
 f - the +10 war axe of Trial by Ordeal {pain, rElec rF+ rN+}
   (Okawaru gifted it to you on level 5 of the Abyss)

   In the hands of one skilled in necromantic magic, it inflicts extra damage on
   living creatures.
   rF:        It protects you from fire.
   rElec:     It insulates you from electricity.
   rN:        It protects you from negative energy.
 h - a +8 vampiric war axe
 S - a +9 broad axe of freezing (weapon)
Missiles
 n - 28 silver javelins (quivered)
Armour
 c - a +2 cloak of willpower (worn)
 d - the +7 chain mail of the Final Underlurkers (worn) {SInv Stlth+}
   (Okawaru gifted it to you on level 5 of the Lair of Beasts)

   SInv:      It lets you see invisible.
   Stlth:     It makes you more stealthy.
 k - the +3 pair of gauntlets of War (worn) {Slay+5}
   (Okawaru gifted it to you on level 3 of the Depths)

   Slay:      It affects your accuracy & damage with ranged weapons and melee
   (+5).
 l - the +3 pair of gloves of Responsibility {rPois Will+ Int+2}
   (Okawaru gifted it to you on level 3 of the Vaults)

   Int:       It affects your intelligence (+2).
   rPois:     It protects you from poison.
   Will:      It increases your willpower.
 z - a scarf of resistance
 A - the +2 pair of boots of the Orb Guardian {rF+ Int+5}
   (Okawaru gifted it to you on level 4 of the Depths)

   Int:       It affects your intelligence (+5).
   rF:        It protects you from fire.
 C - the +5 storm dragon scales "Saisy" {rElec rN+ Will- Dex+4}
   (You found it on level 4 of the Shoals)

   Dex:       It affects your dexterity (+4).
   rElec:     It insulates you from electricity.
   rN:        It protects you from negative energy.
   Will:      It decreases your willpower.
 E - the +13 crystal plate armour of Okawaru, Teaching {Rampage rN+ Will+ Dex+4}
   (Okawaru gifted it to you on level 4 of the Shoals)

   Dex:       It affects your dexterity (+4).
   rN:        It protects you from negative energy.
   Rampage:   It bestows one free step when moving towards enemies.
   Will:      It increases your willpower.
 H - the -1 helmet of Valour (worn) {rElec rN++ Will+ Regen+ Str-4}
   (You found it on level 4 of the Shoals)

   Str:       It affects your strength (-4).
   rElec:     It insulates you from electricity.
   rN:        It greatly protects you from negative energy.
   Regen:     It increases your rate of health regeneration.
   Will:      It increases your willpower.
 K - a +2 pair of boots of flying (worn)
 P - the +0 mask of the Dragon {Will+ Slay+3 SInv}
   (You found it on level 3 of the Elven Halls)

   Slay:      It affects your accuracy & damage with ranged weapons and melee
   (+3).
   SInv:      It lets you see invisible.
   Will:      It increases your willpower.
 U - the +1 cloak of Pappeyf {Str+3}
   (Okawaru gifted it to you on level 11 of the Dungeon)

   Str:       It affects your strength (+3).
 Y - the +3 buckler of Fageciut (worn) {Fly rF+ Str+4}
   (You took it off a vault guard on level 5 of the Vaults)

   Str:       It affects your strength (+4).
   rF:        It protects you from fire.
   Fly:       It grants you flight.
Jewellery
 q - the ring of the Past (left hand) {Fly Str+5 Dex+4}
   (You found it in a Gauntlet)

   [ring of flight]

   Str:       It affects your strength (+5).
   Dex:       It affects your dexterity (+4).
   Fly:       It grants you flight.
 v - the ring "Bairel" {AC+4 Int+2 Dex+4}
   (You found it in a Gauntlet)

   [ring of protection]

   AC:        It affects your AC (+4).
   Int:       It affects your intelligence (+2).
   Dex:       It affects your dexterity (+4).
 w - the amulet of Vitality {RegenMP++ Regen++}
   (You found it on level 2 of the Depths)

   [amulet of magic regeneration]

   It increases your rate of magic regeneration.
   Regen:     It increases your rate of health regeneration.
 y - the ring "Acofer" {rElec rN+ Dex+3 SInv}
   (You acquired it on level 1 of the Shoals)

   [ring of see invisible]

   Dex:       It affects your dexterity (+3).
   rElec:     It insulates you from electricity.
   rN:        It protects you from negative energy.
   SInv:      It lets you see invisible.
 F - an amulet of faith (around neck)
 G - the ring "Azenova" {+Blink rElec rF+ AC+4 SInv}
   (You found it on level 4 of the Shoals)

   [ring of protection]

   AC:        It affects your AC (+4).
   rF:        It protects you from fire.
   rElec:     It insulates you from electricity.
   SInv:      It lets you see invisible.
   +Blink:    It lets you blink.
 V - the amulet "Puudwuof" {RegenMP *Corrode Str+4 Dex+2}
   (You took it off an orc high priest on level 1 of the Elven Halls)

   [amulet of magic regeneration]

   It increases your rate of magic regeneration.
   Str:       It affects your strength (+4).
   Dex:       It affects your dexterity (+2).
   *Corrode:  It may corrode you when you take damage.
 Z - a ring of the Octopus King (right hand) {rN+ HP+2 AC+2 EV+2 SH+2}
   (You found it on level 5 of the Lair of Beasts)

   [ring of positive energy]

   AC:        It affects your AC (+2).
   EV:        It affects your evasion (+2).
   rN:        It protects you from negative energy.
   HP:        It affects your health (+2).
   SH:        It affects your SH (+2).
Wands
 B - a wand of digging (18)
Scrolls
 o - 12 scrolls of butterflies
 p - 2 scrolls of blinking
 s - 3 scrolls of enchant weapon
 I - 7 scrolls of fog
 L - 5 scrolls of enchant armour
 O - 8 scrolls of vulnerability
 Q - 28 scrolls of teleportation
 W - 5 scrolls of poison
 X - 3 scrolls of magic mapping
Potions
 a - 6 potions of haste
 b - 4 potions of heal wounds
 g - 4 potions of might
 i - 16 potions of curing
 j - 7 potions of resistance
 t - 3 potions of berserk rage
 x - 11 potions of mutation
 D - 7 potions of ambrosia
 J - 2 potions of cancellation
 M - 11 potions of brilliance
 R - 4 potions of invisibility
Miscellaneous
 u - a lightning rod (4/4)
 N - a phial of floods
 T - a condenser vane


   Skills:
 + Level 19.1(24.1) Fighting
 + Level 18.6(23.6) Short Blades
 + Level 18.6(23.6) Long Blades
 + Level 19.5(24.5) Axes
 + Level 18.6(23.6) Maces & Flails
 + Level 18.6(23.6) Polearms
 + Level 19.4(24.4) Staves
 + Level 18.6(23.6) Ranged Weapons
 + Level 19.1(24.1) Throwing
 + Level 18.6(23.6) Armour
 + Level 19.5(24.5) Dodging
 + Level 18.6(23.6) Stealth
 + Level 18.6(23.6) Shields
 + Level 18.6(23.6) Unarmed Combat
 + Level 18.6 Spellcasting
 + Level 15.9 Conjurations
 + Level 15.9 Hexes
 + Level 19.6 Summonings
 + Level 15.9 Necromancy
 + Level 15.9 Translocations
 + Level 15.9 Transmutations
 + Level 15.9 Fire Magic
 + Level 15.9 Ice Magic
 + Level 15.9 Air Magic
 + Level 15.9 Earth Magic
 + Level 15.9 Poison Magic
 + Level 24.1 Invocations
 + Level 22.4 Evocations


You had 56 spell levels left.
You knew the following spells:

 Your Spells              Type           Power      Damage    Failure   Level
a - Silence               Hex/Air        18%        N/A       1%          5
b - Blink                 Tloc           74%        N/A       1%          2

Your spell library contained the following spells:

 Spells                   Type           Power      Damage    Failure   Level
 Apportation              Tloc           74%        N/A       1%          1
 Beastly Appendage        Tmut           74%        N/A       1%          1
 Necrotise                Necr           100%       1d9       1%          1
 Sandblast                Erth           74%        2d16      1%          1
 Shock                    Conj/Air       100%       1d9       1%          1
 Slow                     Hex            100%       N/A       1%          1
 Sting                    Tmut/Pois      100%       1d8       1%          1
 Cigotuvi's Dreadful Rot  Necr/Pois/Air  74%        N/A       1%          2
 Momentum Strike          Conj/Tloc      74%        3d10      1%          2
 Passwall                 Tmut/Erth      30%        N/A       1%          2
 Poisonous Vapours        Pois/Air       74%        N/A       1%          2
 Static Discharge         Conj/Air       74%        2-6/arc   1%          2
 Sublimation of Blood     Necr           37%        N/A       1%          2
 Wereblood                Tmut           37%        N/A       1%          2
 Confusing Touch          Hex            37%        N/A       1%          3
 Dazzling Flash           Conj/Hex       74%        N/A       1%          3
 Gell's Gravitas          Tloc           37%        N/A       1%          3
 Hailstorm                Conj/Ice       37%        3d9       1%          3
 Ignite Poison            Fire/Tmut/Pois 37%        N/A       1%          3
 Inner Flame              Hex/Fire       37%        N/A       1%          3
 Kindle Blastsparks       Fire/Tloc/Air  74%        2d16      1%          3
 Lesser Beckoning         Tloc           74%        N/A       1%          3
 Mephitic Cloud           Conj/Pois/Air  37%        N/A       1%          3
 Ozocubu's Armour         Ice            37%        N/A       1%          3
 Portal Projectile        Hex/Tloc       74%        N/A       1%          3
 Spider Form              Tmut/Pois      37%        N/A       1%          3
 Stone Arrow              Conj/Erth      74%        3d11      1%          3
 Teleport Other           Tloc           37%        N/A       1%          3
 Vampiric Draining        Necr           37%        2d8       1%          3
 Vhi's Electric Charge    Tloc/Air       74%        N/A       1%          3
 Anguish                  Hex/Necr       18%        N/A       1%          4
 Cause Fear               Hex            18%        N/A       1%          4
 Dispel Undead            Necr           37%        3d15      1%          4
 Flame Wave               Conj/Fire      37%        2d10      1%          4
 Fulminant Prism          Conj/Hex       18%        3d10      1%          4
 Iskenderun's Mystic Bla  Conj/Tloc      37%        2d9       1%          4
 Leda's Liquefaction      Hex/Erth       18%        N/A       1%          4
 Manifold Assault         Tloc           37%        N/A       1%          4
 Olgreb's Toxic Radiance  Pois           37%        N/A       1%          4
 Passage of Golubria      Tloc           37%        N/A       1%          4
 Sticky Flame             Conj/Fire      37%        2d6       1%          4
 Agony                    Necr           37%        N/A       1%          5
 Arcjolt                  Conj/Air       18%        1d28      1%          5
 Borgnjor's Vile Clutch   Necr/Erth      18%        N/A       1%          5
 Fireball                 Conj/Fire      18%        3d9       1%          5
 Freezing Cloud           Conj/Ice/Air   18%        6-21      1%          5
 Iskenderun's Battlesphe  Conj           37%        2d9       1%          5
 Lee's Rapid Deconstruct  Erth           18%        3d11*     1%          5
 Lightning Bolt           Conj/Air       18%        1d33      1%          5
 Yara's Violent Unravell  Hex/Tmut       18%        3d9       1%          5
 Conjure Ball Lightning   Conj/Air       18%        3x3d7     3%          6
 Dispersal                Tloc           18%        N/A       3%          6
 Eringya's Noxious Bog    Tmut/Pois      18%        N/A       3%          6
 Iron Shot                Conj/Erth      18%        9d4       3%          6
 Statue Form              Tmut/Erth      24%        N/A       3%          6
 Enfeeble                 Hex            18%        N/A       22%         7
 Orb of Destruction       Conj           18%        9d8       22%         7
 Ozocubu's Refrigeration  Ice            18%        4d11      22%         7
 Storm Form               Tmut/Air       18%        N/A       22%         7
 Discord                  Hex            18%        N/A       86%         8
 Disjunction              Tloc           18%        N/A       86%         8
 Ignition                 Fire           18%        3d7       86%         8
 Lehudib's Crystal Spear  Conj/Erth      18%        10d6      86%         8
 Polar Vortex             Ice            18%        N/A       100%        9
 Summon Small Mammal      Summ           Unusable   N/A       N/A         1
 Call Canine Familiar     Summ           Unusable   N/A       N/A         3
 Summon Guardian Golem    Hex/Summ       Unusable   N/A       N/A         3
 Tukima's Dance           Hex            Unusable   N/A       N/A         3
 Animate Armour           Summ/Erth      Unusable   N/A       N/A         4
 Animate Dead             Necr           Unusable   N/A       N/A         4
 Summon Forest            Summ/Tloc      Unusable   N/A       N/A         5
 Summon Mana Viper        Hex/Summ       Unusable   N/A       N/A         5
 Summon Cactus Giant      Summ           Unusable   N/A       N/A         6
 Death Channel            Necr           Unusable   N/A       N/A         6
 Simulacrum               Ice/Necr       Unusable   N/A       N/A         6
 Monstrous Menagerie      Summ           Unusable   N/A       N/A         7
 Summon Hydra             Summ           Unusable   N/A       N/A         7
 Malign Gateway           Summ/Tloc      Unusable   N/A       N/A         7
 Spellforged Servitor     Conj/Summ      Unusable   N/A       N/A         7
 Summon Horrible Things   Summ           Unusable   N/A       N/A         8

Dungeon Overview and Level Annotations

Branches:
Dungeon (15/15)            Temple (1/1) D:7            Lair (5/5) D:11
 Shoals (4/4) Lair:3        Snake (4/4) Lair:3        Slime (0/5) Lair:4
    Orc (2/2) D:11            Elf (3/3) Orc:2        Vaults (5/5) D:14
  Crypt (0/3) Vaults:3     Depths (4/4) D:15            Zot (0/5) Depths:4
  IceCv (visited)         Gauntlet (visited)

Altars:
Ashenzari
Cheibriados
Dithmenos
Elyvilon
Fedhas
Gozag
Hepliaklqana
Kikubaaqudgha
Makhleb
Nemelex Xobeh
Okawaru
Qazlal
Ru
Sif Muna
Trog
Uskayaw
Vehumet
Wu Jian
Xom
Yredelemnul
Zin
The Shining One
Jiyva

Shops:
D:15 =![**   Orc:2 ((=!   Elf:2 ?   Elf:3 *   Snake:1 :!!   Vaults:1 =
Vaults:5 *   Depths:3 (*   Depths:4 **

Portals:
Hell: Depths:1 Depths:2 Depths:3 Depths:4
Abyss: Depths:1 Depths:2 Depths:3
Pandemonium: Depths:1 Depths:2 Depths:4
Ziggurat: Depths:4

Annotations:
Elf:1 6 runed translucent doors


Innate Abilities, Weirdness & Mutations

You have very sharp teeth.
Your uncanny sense of smell can sniff out nearby items.
Your experience applies equally to all skills.
((You are occasionally teleported next to monsters.))
You are weak. (Str -2)


Message History

The acid blob spits acid at you. The splash of acid hits you!
The acid corrodes you!
As you read the scroll of teleportation, it crumbles to dust.
You feel strangely unstable.
You feel the power of the Abyss delaying your translocation!
A chorus of shrieks assaults your mind. The acid blob spits acid at you.
The splash of acid hits you! The acid corrodes you!
The white very ugly thing basks in the mutagenic energy from its kin and changes!
You block the acid blob's attack.
A starcursed mass splits.
A chorus of shrieks assaults your mind.
A starcursed mass splits.
The white very ugly thing basks in the mutagenic energy from its kin and changes!
The acid blob closely misses you.
You slice the acid blob!! You freeze the acid blob.
Your hands burn!
The acid blob is severely wounded.
You slice the cyan very ugly thing!! You freeze the cyan very ugly thing.
The acid blob spits acid at you. The splash of acid hits you!!
* * * LOW HITPOINT WARNING * * *
The acid corrodes you!
A starcursed mass splits.
You slash the acid blob! You freeze the acid blob. The acid corrodes you!
Your hands burn!
* * * LOW HITPOINT WARNING * * *
Your bite misses the acid blob.
The acid blob is almost dead.
You hit the smoke demon. You freeze the smoke demon.
You slice the white very ugly thing!!
You hit the cyan very ugly thing but do no damage.
The acid blob spits acid at you. The splash of acid hits you.
* * * LOW HITPOINT WARNING * * *
The acid corrodes you!
A starcursed mass splits.
The white very ugly thing bites you but does no damage.
The smoke demon gestures at you. Something smites you!
* * * LOW HITPOINT WARNING * * *
The acid blob hits you!!
* * * LOW HITPOINT WARNING * * *
You are splashed with acid!
You die...

. . ... # . ..
... ## . ##
.#.. . .## #. #
###. .. .. ##
......#### #
#.##.#.## #..#
#.###...# #
..#..#u.### #
..#.#XJ@..# ..
#XXXu#3.....# #
.
##XX##u#...#.##
. ###.#u..##..
....#
..#X###.##..# .
. #.#. #uu#.#
..# . # #
...u.#. . .
....§u.#
....#.#.#


You could see 6 starcursed masses, an acid blob, 4 very ugly things, a tentacled
starspawn and a smoke demon.

Vanquished Creatures
  2 dread liches
  2 ancient liches (Vaults:5)
  Bai Suzhen (Vaults:5)
  Saint Roka (Depths:1)
  Xtahua (Vaults:3)
  A caustic shrike (Depths:3)
  Nikola (Snake:4)
  2 golden dragons
  3 bone dragons
  Rupert (Snake:1)
  11 tentacled monstrosities
  6 liches
  2 titans (Vaults:5)
  A walking earthen tome (Depths:3)
  4 deep elf blademasters
  2 deep elf master archers (Elf:3)
  A quicksilver dragon (Depths:3)
  10 sphinxes
  Gastronok (D:8)
  19 tentacled starspawn
  The ghost of Shayle the Scorcher, an adept DsRe of Ashenzari (Elf:2)
  3 shadow dragons (Vaults:5)
  A revenant (Vaults:3)
  9 nagarajas
  6 tengu reavers
  3 storm dragons
  4 fire giants
  An iron dragon (Vaults:5)
  The ghost of Encipher the Fighter, an adept DjDe of Makhleb (Orc:1)
  5 frost giants
  A shard shrike simulacrum (Abyss:3)
  A draconian scorcher (Depths:4)
  A caustic shrike zombie (Depths:1)
  13 vault wardens
  Louise (D:15)
  Aizul (Snake:1)
  A ghost moth (shapeshifter) (D:13)
  The ghost of SirDiesAlot the Fetichist, an adept SpFE of Sif Muna (Shoals:3)
  3 deep elf elementalists (Elf:3)
  4 deep elf sorcerers
  A draconian shifter (Abyss:3)
  2 orc warlords
  A draconian annihilator (Depths:4)
  23 ironbound preservers
  A reaper (Depths:1)
  A demonspawn corrupter (Abyss:3)
  A cacodemon (Abyss:5)
  14 stone giants
  An angel (Abyss:5)
  4 war gargoyles
  The ghost of Darkkill the Fighter, a journeyman MiHu of Gozag (Lair:2)
  8 ironbound thunderhulks
  26 very ugly things
  A lorocyproca (Abyss:3)
  13 dire elephants
  The ghost of Atlas the Thaumaturge, a journeyman DsFE of Vehumet (Lair:5)
  A green draconian (Depths:4)
  11 deep elf demonologists
  A red draconian (Depths:4)
  A yellow draconian (Depths:4)
  2 black draconians (Depths:4)
  A bunyip (Abyss:5)
  8 deep elf annihilators
  3 purple draconians
  4 minotaurs
  2 crystal guardians
  Snorg (D:14)
  10 spark wasps
  An eidolon (Abyss:3)
  6 fire dragons
  4 deep elf death magi (Elf:3)
  5 mummy priests (Depths:2)
  17 ettins
  3 merfolk javelineers (Shoals:4)
  5 merfolk impalers
  12 yaktaur captains
  A great orb of eyes (shapeshifter) (Elf:2)
  The ghost of Liwostraq the Nimble, a journeyman MeFi of Okawaru (Lair:3)
  7 deep elf high priests
  8 great orbs of eyes
  A salamander tyrant (Snake:3)
  6 entropy weavers
  A hell beast (Depths:4)
  6 ice dragons
  5 boulder beetles
  31 vault guards
  4 rakshasas
  12 hydras
  2 spriggan air magi
  11 anacondas
  A catoblepas (shapeshifter) (Depths:4)
  4 peacekeepers
  14 centaur warriors
  A merfolk avatar (Shoals:4)
  5 ogre magi
  32 dancing weapons
  A death knight (Vaults:3)
  14 tengu warriors
  12 ironbound frosthearts
  3 merfolk aquamancers
  6 deep troll earth magi
  Erica (Orc:1)
  15 two-headed ogres
  5 deep troll shamans
  14 satyrs
  12 orc high priests
  Urug (D:12)
  19 naga warriors
  11 spriggan berserkers
  4 vampire magi
  6 death yaks
  13 thrashing horrors
  10 shock serpents
  30 naga sharpshooters
  9 hell hogs
  16 wretched stars
  A hell knight (Depths:1)
  A storm dragon zombie (D:15)
  A soul eater (Depths:1)
  2 spriggans (Depths:1)
  19 deep elf knights
  3 sun demons
  3 spectral death yaks
  4 shadow wraiths
  A spatial maelstrom (Abyss:3)
  2 cherubim (D:14)
  4 glowing orange brains
  7 sixfirhies
  8 skeletal warriors
  5 iron trolls
  A spectral anaconda (Lair:5)
  3 salamander mystics
  A golden dragon zombie (D:15)
  12 sea snakes
  A spectral hydra (Lair:3)
  65 deep trolls
  3 shadow demons
  A shadow dragon zombie (D:15)
  8 naga ritualists
  A flayed ghost (Abyss:3)
  An obsidian statue (Lair:5)
  An orb spider (shapeshifter) (Vaults:1)
  19 lindwurms
  A tengu zombie (Vaults:2)
  23 ironbound convokers
  9 necromancers
  4 phantasmal warriors (Vaults:5)
  An orange crystal statue (D:13)
  A lindwurm (shapeshifter) (Depths:2)
  23 deep elf zephyrmancers
  Pikel (D:5)
  25 large abominations
  10 wizards
  27 harpies
  14 deep elf archers
  35 deep elf pyromancers
  18 orc knights
  36 ugly things
  8 cyclopes
  7 orc sorcerers
  A sphinx skeleton (Vaults:2)
  A human zombie (Vaults:2)
  9 mana vipers
  3 will-o-the-wisps
  6 salamanders
  A cyclops (shapeshifter) (Gauntlet)
  13 fauns (Shoals:4)
  2 worldbinders
  12 manticores
  A frost giant skeleton (Depths:1)
  A dire elephant zombie (Lair:5)
  Maurice (D:8)
  21 vault sentinels
  3 rust devils
  3 water nymphs
  6 merfolk sirens
  34 black mambas
  6 guardian serpents
  2 ice statues
  16 naga magi
  A torpor snail (Lair:4)
  An apocalypse crab (Abyss:6)
  18 elephants
  13 smoke demons
  2 gargoyles
  An eye of devastation (Abyss:3)
  A hellion (Abyss:3)
  13 cane toads
  4 orange demons
  A storm dragon simulacrum (Depths:1)
  7 kobold demonologists
  A cane toad (shapeshifter) (D:14)
  An unseen horror (Abyss:3)
  12 rime drakes
  6 tengu conjurers
  34 yaktaurs
  7 komodo dragons
  A tormentor (Abyss:3)
  16 ice devils
  An efreet (Abyss:3)
  2 spriggan skeletons
  5 freezing wraiths
  5 ancient zymes
  5 guardian mummies
  5 hellwings
  12 meliai
  5 wind drakes
  5 harpy zombies
  A silent spectre (Abyss:3)
  A red devil (Depths:2)
  5 trolls
  A wind drake (shapeshifter) (D:14)
  3 polar bears (Lair:4)
  27 merfolk
  11 snapping turtles
  3 hornets
  16 dream sheep
  A spectral elephant (Lair:5)
  21 blink frogs
  A raiju (shapeshifter) (Abyss:3)
  A blink frog (shapeshifter) (Vaults:5)
  A slime creature (shapeshifter) (Abyss:3)
  30 raiju
  An elf zombie (Vaults:2)
  A fire giant simulacrum (Depths:1)
  2 human simulacra (Vaults:2)
  2 ettin zombies
  A spectral black mamba (Lair:3)
  25 slime creatures
  A centaur simulacrum (D:15)
  Sigmund (D:4)
  4 air elementals
  A wraith (Abyss:3)
  An ettin skeleton (Vaults:2)
  2 dire elephant simulacra (IceCv)
  A culicivora (Vaults:3)
  14 water elementals
  11 wyverns
  A spectral komodo dragon (Lair:3)
  2 fire bats (Abyss:3)
  3 shadows
  3 vampires (Abyss:3)
  6 ynoxinuls
  24 yaks
  11 basilisks
  A yak (shapeshifter) (D:13)
  3 steam dragons
  10 vampire mosquitoes
  5 neqoxecs
  4 fire elementals
  A golden eye (shapeshifter) (D:11)
  6 chaos spawn
  7 redbacks
  A swamp worm (shapeshifter) (Gauntlet)
  2 harpy simulacra (IceCv)
  2 spectral cane toads
  6 death yak simulacra
  7 wargs
  An acid dragon (D:12)
  51 nagas
  2 hydra simulacra (IceCv)
  Duvessa (D:6)
  An ogre skeleton (Vaults:2)
  19 water moccasins
  3 floating eyes (Depths:1)
  47 orc warriors
  2 black mamba simulacra
  2 black bears
  2 manticore zombies (Shoals:2)
  12 ogres
  2 elephant zombies (Lair:5)
  6 ice beasts
  5 centaurs
  12 wolves
  2 boggarts (Elf:1)
  A phantom (D:5)
  2 elephant skeletons (Lair:5)
  25 bullfrogs
  2 earth elementals
  7 kobold brigands
  4 scorpions
  A gnoll sergeant (D:11)
  2 necrophages
  2 two-headed ogre simulacra (IceCv)
  2 cane toad simulacra
  4 wights (D:8)
  Dowan (D:6)
  5 elephant simulacra
  A killer bee (D:7)
  3 electric eels
  10 howler monkeys
  A quasit (Abyss:3)
  3 hounds
  Crazy Yiuf (D:2)
  9 jellies
  51 orc priests
  48 starcursed masses
  2 gnoll boudas
  5 iguanas
  2 scorpion zombies (D:4)
  23 orc wizards
  2 spriggan simulacra (IceCv)
  5 polar bear simulacra (IceCv)
  4 hell rats (Lair:3)
  18 small abominations
  6 wolf simulacra (IceCv)
  A mummy (Depths:2)
  13 gnolls
  8 adders
  2 naga simulacra (IceCv)
  3 shadow imps (Gauntlet)
  4 white imps
  A worm (D:4)
  91 orcs
  18 bats
  8 endoplasms
  3 giant cockroaches
  2 goblins
  3 hobgoblins
  4 quokkas
  6 ball pythons
  3 frilled lizards
  23 kobolds
  5 rats
  A lurking horror (Abyss:3)
  11 starspawn tentacles
2361 creatures vanquished.

Vanquished Creatures (others)
  An anaconda (Snake:3)
  A centaur warrior (Vaults:3)
  2 deep elf knights
  2 wizards (Vaults:3)
  A large abomination (Abyss:3)
  A black mamba (Snake:4)
  An anaconda simulacrum (Abyss:3)
  A harpy skeleton (Abyss:3)
  A raiju (Abyss:3)
  A slime creature (D:15)
  A naga (Snake:4)
  A warg (Depths:1)
  4 small abominations (Abyss:3)
  An orc priest (Orc:1)
  A starcursed mass (Abyss:3)
  2 white imps
  An ufetubus (Abyss:3)
  An orc (Depths:1)
  A bush (Lair:2)
  8 foxfires (Abyss:3)
  30 fungi
  A lurking horror (Abyss:3)
  108 plants
  31 starspawn tentacles
  45 withered plants
248 creatures vanquished.

Grand Total: 2609 creatures vanquished

Notes
Turn   | Place    | Note
-------+----------+-------------------------------------------
     0 | D:1      | karrick the Gnoll Gladiator began the quest for the Orb.
     0 | D:1      | Reached XP level 1. HP: 20/20 MP: 1/1
   392 | D:1      | Reached XP level 2. HP: 25/26 MP: 2/2
   827 | D:2      | Reached XP level 3. HP: 28/31 MP: 2/4
   835 | D:2      | Reached skill level 1 in Invocations
   890 | D:2      | Reached skill level 1 in Short Blades
   890 | D:2      | Reached skill level 1 in Long Blades
   890 | D:2      | Reached skill level 1 in Maces & Flails
   890 | D:2      | Reached skill level 1 in Polearms
   890 | D:2      | Reached skill level 1 in Staves
   890 | D:2      | Reached skill level 1 in Ranged Weapons
   890 | D:2      | Reached skill level 1 in Armour
   890 | D:2      | Reached skill level 1 in Stealth
   890 | D:2      | Reached skill level 1 in Shields
   890 | D:2      | Reached skill level 1 in Unarmed Combat
   890 | D:2      | Reached skill level 1 in Spellcasting
   890 | D:2      | Reached skill level 1 in Evocations
  1008 | D:2      | Reached XP level 4. HP: 38/38 MP: 5/5
  1383 | D:2      | Noticed a scorpion
  1395 | D:2      | Killed a scorpion
  1396 | D:2      | Reached skill level 1 in Conjurations
  1396 | D:2      | Reached skill level 1 in Hexes
  1396 | D:2      | Reached skill level 1 in Summonings
  1396 | D:2      | Reached skill level 1 in Necromancy
  1396 | D:2      | Reached skill level 1 in Translocations
  1396 | D:2      | Reached skill level 1 in Transmutations
  1396 | D:2      | Reached skill level 1 in Fire Magic
  1396 | D:2      | Reached skill level 1 in Ice Magic
  1396 | D:2      | Reached skill level 1 in Air Magic
  1396 | D:2      | Reached skill level 1 in Earth Magic
  1396 | D:2      | Reached skill level 1 in Poison Magic
  1396 | D:2      | Reached XP level 5. HP: 32/43 MP: 5/7
  1493 | D:2      | Found a runed translucent door.
  1494 | D:2      | Noticed Crazy Yiuf
  1502 | D:2      | Killed Crazy Yiuf
  1755 | D:3      | Found a white marble altar of Elyvilon.
  1765 | D:3      | Found an ornate altar of the Wu Jian Council.
  2190 | D:4      | Reached skill level 2 in Invocations
  2197 | D:4      | Reached XP level 6. HP: 38/50 MP: 8/8
  2366 | D:4      | Reached skill level 5 in Fighting
  2366 | D:4      | Reached skill level 5 in Throwing
  2446 | D:4      | Noticed a steam dragon
  2460 | D:4      | Killed a steam dragon
  2461 | D:4      | Reached XP level 7. HP: 19/56 MP: 10/10
  2639 | D:4      | Identified the +5 whip "Trog's Indignation" {elec, Contam
                  | rPois rC+++ rCorr}
  2695 | D:4      | Noticed Sigmund
  2706 | D:4      | Killed Sigmund
  2810 | D:4      | Reached skill level 3 in Invocations
  2819 | D:4      | Found a basalt altar of Yredelemnul.
  2976 | D:5      | Entered Level 5 of the Dungeon
  3154 | D:4      | Reached XP level 8. HP: 55/63 MP: 12/12
  3546 | D:5      | Identified the +5 sling of Bigulaji {drain, Int+6}
  3549 | D:5      | Noticed Pikel
  3583 | D:5      | Killed Pikel
  3584 | D:5      | Reached skill level 4 in Invocations
  4012 | D:6      | Reached XP level 9. HP: 69/69 MP: 14/14
  4206 | D:7      | Found a staircase to the Ecumenical Temple.
  4214 | Temple   | Entered the Ecumenical Temple
  4259 | Temple   | Became a worshipper of Warmaster Okawaru
  4309 | D:7      | Found an ancient bone altar of Kikubaaqudgha.
  4314 | D:7      | Found a radiant altar of Vehumet.
  4604 | D:7      | Found a glowing golden altar of the Shining One.
  4645 | D:7      | Reached * piety under Okawaru
  4768 | D:7      | Reached skill level 5 in Invocations
  5380 | D:6      | Found a hazy altar of Hepliaklqana.
  5481 | D:6      | Noticed Duvessa
  5604 | D:8      | Reached ** piety under Okawaru
  5614 | D:8      | Noticed Maurice
  5636 | D:8      | Noticed Gastronok
  5717 | D:6      | Noticed Dowan
  5737 | D:6      | Killed Dowan
  5745 | D:6      | Killed Duvessa
  5746 | D:6      | Reached skill level 5 in Short Blades
  5746 | D:6      | Reached skill level 5 in Long Blades
  5746 | D:6      | Reached skill level 5 in Maces & Flails
  5746 | D:6      | Reached skill level 5 in Polearms
  5746 | D:6      | Reached skill level 5 in Staves
  5746 | D:6      | Reached skill level 5 in Ranged Weapons
  5746 | D:6      | Reached skill level 5 in Armour
  5746 | D:6      | Reached skill level 5 in Stealth
  5746 | D:6      | Reached skill level 5 in Shields
  5746 | D:6      | Reached skill level 5 in Unarmed Combat
  5746 | D:6      | Reached skill level 5 in Spellcasting
  5746 | D:6      | Reached skill level 5 in Evocations
  5746 | D:6      | Reached XP level 10. HP: 39/77 MP: 17/17
  6589 | D:8      | Noticed a gargoyle
  7014 | D:8      | Killed a gargoyle
  7298 | D:8      | Killed Maurice
  7299 | D:8      | Reached skill level 6 in Invocations
  7479 | D:8      | Killed Gastronok
  7479 | D:8      | Reached *** piety under Okawaru
  7723 | D:9      | Reached **** piety under Okawaru
  7828 | D:9      | Noticed a tengu warrior
  7853 | D:10     | Entered Level 10 of the Dungeon
  7986 | D:10     | Received a gift from Okawaru
  8116 | D:10     | Reached skill level 5 in Conjurations
  8116 | D:10     | Reached skill level 5 in Hexes
  8116 | D:10     | Reached skill level 5 in Summonings
  8116 | D:10     | Reached skill level 5 in Necromancy
  8116 | D:10     | Reached skill level 5 in Translocations
  8116 | D:10     | Reached skill level 5 in Transmutations
  8116 | D:10     | Reached skill level 5 in Fire Magic
  8116 | D:10     | Reached skill level 5 in Ice Magic
  8116 | D:10     | Reached skill level 5 in Air Magic
  8116 | D:10     | Reached skill level 5 in Earth Magic
  8116 | D:10     | Reached skill level 5 in Poison Magic
  8116 | D:10     | Reached XP level 11. HP: 67/85 MP: 18/20
  8462 | D:10     | Noticed a centaur warrior
  8471 | D:10     | Killed a centaur warrior
  8806 | D:11     | Noticed a skeletal warrior
  8847 | D:9      | Killed a tengu warrior
  8848 | D:9      | Reached skill level 7 in Invocations
  9191 | D:9      | Reached ***** piety under Okawaru
  9500 | D:11     | Noticed a skeletal warrior
  9606 | D:11     | Noticed a two-headed ogre
  9615 | D:11     | Killed a two-headed ogre
  9652 | D:11     | Found a staircase to the Orcish Mines.
  9662 | D:11     | Identified the +1 cloak of Pappeyf {Str+3} (Okawaru gifted
                  | it to you on level 11 of the Dungeon)
  9662 | D:11     | Received a gift from Okawaru
  9965 | D:12     | Noticed a two-headed ogre
  9975 | D:12     | Killed a two-headed ogre
 10167 | D:12     | Noticed a sixfirhy
 10168 | D:12     | Found a runed translucent door.
 10168 | D:12     | Noticed a red ugly thing
 10292 | D:12     | Noticed Urug
 10320 | D:12     | Killed Urug
 11158 | D:11     | Killed a skeletal warrior
 11244 | D:11     | Noticed a skeletal warrior
 11574 | D:11     | Reached XP level 12. HP: 90/94 MP: 19/22
 11654 | D:11     | Found a staircase to the Lair.
 11734 | Lair:1   | Entered Level 1 of the Lair of Beasts
 11834 | Lair:1   | Noticed a death yak
 11835 | Lair:1   | Noticed a death yak
 11864 | Lair:1   | Killed a death yak
 11905 | Lair:1   | Reached skill level 8 in Invocations
 11933 | Lair:1   | Found a gate leading to a gauntlet.
 11966 | Gauntlet | Entered a Gauntlet
 11966 | Gauntlet | Found a transporter.
 11966 | Gauntlet | Found a transporter.
 11970 | Gauntlet | Found a transporter.
 11970 | Gauntlet | Found a transporter.
 11977 | Gauntlet | Found a transporter.
 11998 | Gauntlet | Found a transporter.
 12006 | Gauntlet | Found a transporter.
 12006 | Gauntlet | Found a transporter.
 12006 | Gauntlet | Noticed an entropy weaver
 12011 | Gauntlet | Found a transporter.
 12011 | Gauntlet | Noticed a green death
 12025 | Gauntlet | Found a transporter.
 12050 | Gauntlet | Found a transporter.
 12086 | Gauntlet | Found a transporter.
 12101 | Gauntlet | Found a transporter.
 12118 | Gauntlet | Found a transporter.
 12220 | Gauntlet | Found a transporter.
 12234 | Gauntlet | Found a transporter.
 12330 | Gauntlet | Received a gift from Okawaru
 12421 | Gauntlet | Identified the ring "Bairel" {AC+4 Int+2 Dex+4}
 12483 | Gauntlet | Received a gift from Okawaru
 12501 | Gauntlet | Killed an entropy weaver
 12502 | Gauntlet | Reached skill level 10 in Axes
 12502 | Gauntlet | Reached skill level 10 in Dodging
 12507 | Gauntlet | Identified the amulet of Daffodils {RegenMP Rampage Drain
                  | MP+9 SInv}
 12609 | Gauntlet | Identified the ring "Ficiskimuo" {Contam rN+ rCorr Str+4}
 12609 | Gauntlet | Noticed a minotaur
 12624 | Gauntlet | Killed a minotaur
 12634 | Gauntlet | Identified the ring of the Past {Fly Str+5 Dex+4}
 13190 | Lair:1   | Noticed a death yak
 13339 | Lair:2   | Noticed Darkkill's ghost (journeyman MiHu)
 13345 | Lair:2   | Found a runed translucent gate.
 13345 | Lair:2   | Found a runed translucent gate.
 13345 | Lair:2   | Found a runed translucent gate.
 13472 | Lair:3   | You fall into a shaft and drop 2 floors!
 13472 | Lair:5   | Entered Level 5 of the Lair of Beasts
 13652 | Lair:5   | Identified the +7 chain mail of the Final Underlurkers
                  | {SInv Stlth+} (Okawaru gifted it to you on level 5 of the
                  | Lair of Beasts)
 13652 | Lair:5   | Received a gift from Okawaru
 13696 | Lair:5   | Noticed a boulder beetle
 13849 | Lair:4   | Found a staircase to the Slime Pits.
 13850 | Lair:4   | Found a viscous altar of Jiyva.
 14087 | Lair:4   | Noticed a seven-headed hydra
 14105 | Lair:4   | Killed a seven-headed hydra
 14111 | Lair:4   | Reached XP level 13. HP: 78/101 MP: 23/25
 14257 | Lair:4   | Reached skill level 9 in Invocations
 15994 | Lair:3   | Found a staircase to the Snake Pit.
 16004 | Lair:3   | Received a gift from Okawaru
 16073 | Lair:3   | Found a runed translucent gate.
 16073 | Lair:3   | Found a runed translucent gate.
 16073 | Lair:3   | Found a runed translucent gate.
 16078 | Lair:3   | Noticed Liwostraq's ghost (journeyman MeFi)
 16084 | Lair:3   | Found a staircase to the Shoals.
 16170 | Lair:3   | Received a gift from Okawaru
 16238 | Lair:2   | Reached skill level 10 in Fighting
 16238 | Lair:2   | Reached skill level 10 in Throwing
 16375 | Lair:2   | Reached ****** piety under Okawaru
 16964 | Lair:2   | Received a gift from Okawaru
 17882 | Lair:3   | Reached XP level 14. HP: 110/110 MP: 27/27
 17941 | Lair:3   | Reached skill level 10 in Invocations
 18298 | Lair:2   | Received a gift from Okawaru
 18858 | Lair:3   | Received a gift from Okawaru
 19072 | Lair:3   | Received a gift from Okawaru
 19658 | Lair:5   | Received a gift from Okawaru
 19895 | Lair:5   | Found a runed translucent door.
 19895 | Lair:5   | Noticed Atlas's ghost (journeyman DsFE)
 20086 | Lair:5   | Received a gift from Okawaru
 20317 | Lair:5   | Noticed a dire elephant
 20317 | Lair:5   | Noticed a dire elephant
 20409 | Lair:5   | Killed a dire elephant
 20495 | Lair:5   | Noticed a dire elephant
 20589 | Lair:5   | Received a gift from Okawaru
 20983 | Lair:5   | Found the ring of the Octopus King
 21319 | Lair:5   | Reached skill level 10 in Short Blades
 21319 | Lair:5   | Reached skill level 10 in Long Blades
 21319 | Lair:5   | Reached skill level 10 in Maces & Flails
 21319 | Lair:5   | Reached skill level 10 in Polearms
 21319 | Lair:5   | Reached skill level 10 in Staves
 21319 | Lair:5   | Reached skill level 10 in Ranged Weapons
 21319 | Lair:5   | Reached skill level 10 in Armour
 21319 | Lair:5   | Reached skill level 10 in Stealth
 21319 | Lair:5   | Reached skill level 10 in Shields
 21319 | Lair:5   | Reached skill level 10 in Unarmed Combat
 21319 | Lair:5   | Reached skill level 10 in Spellcasting
 21319 | Lair:5   | Reached skill level 10 in Evocations
 21325 | Lair:5   | Received a gift from Okawaru
 21340 | Lair:5   | Identified a ring of the Octopus King {rN+ HP+2 AC+2 EV+2
                  | SH+2}
 21413 | Lair:5   | Killed a dire elephant
 21532 | Lair:5   | Received a gift from Okawaru
 21533 | Lair:5   | Reached XP level 15. HP: 118/118 MP: 29/29
 21545 | Lair:5   | Got the Exposition on Numb Doom
 21851 | Lair:5   | Reached skill level 11 in Invocations
 22630 | D:11     | Identified the +2 pair of gloves "Ymakk" {rN+ Dex+2 Slay-5}
                  | (Okawaru gifted it to you on level 11 of the Dungeon)
 22630 | D:11     | Received a gift from Okawaru
 23942 | D:13     | Found a transporter.
 23997 | D:13     | Found a portal to a secret trove of treasure.
 24028 | D:13     | Found a frozen archway.
 24084 | IceCv    | Entered an ice cave
 24341 | IceCv    | Found an ancient bone altar of Kikubaaqudgha.
 25176 | D:13     | Found a transporter.
 25458 | D:13     | Identified the +4 glaive of a wizard's laboratory {holy,
                  | Int+6} (Okawaru gifted it to you on level 13 of the
                  | Dungeon)
 25458 | D:13     | Received a gift from Okawaru
 25857 | D:13     | a great orb of eyes changed into a ghost moth
 25857 | D:13     | Noticed a ghost moth (shapeshifter)
 25874 | D:13     | Killed a ghost moth
 26065 | Abyss:3  | Cast into level 3 of the Abyss (a wizard)
 26081 | D:14     | Escaped the Abyss
 26451 | D:15     | Entered Level 15 of the Dungeon
 26451 | D:15     | Found Uthy's Armour Shop.
 26455 | D:15     | Bought a +1 pair of gloves of hurling for 231 gold pieces
 26470 | D:15     | Found Avvool's Assorted Antiques.
 26488 | D:15     | Received a gift from Okawaru
 26488 | D:15     | Found the +8 storm bow {elec, penet}
 26500 | D:15     | Bought a metallic orange potion for 27 gold pieces
 26500 | D:15     | Bought a scroll of teleportation for 90 gold pieces
 26608 | D:15     | Found Memoow's Distillery.
 26681 | D:15     | Found a staircase to the Depths.
 26843 | D:14     | Noticed Snorg
 27088 | D:14     | Killed Snorg
 27101 | D:14     | Reached XP level 16. HP: 118/127 MP: 30/30
 27485 | D:14     | Received a gift from Okawaru
 27507 | D:14     | Found a gate to the Vaults.
 28018 | D:14     | Reached skill level 12 in Invocations
 28585 | Orc:1    | Entered Level 1 of the Orcish Mines
 28705 | Orc:1    | Noticed Erica
 28747 | D:11     | Gained mutation: You are weak. (Str -2) [mutagenic glow]
 28759 | Orc:1    | Killed Erica
 28759 | Orc:1    | Received a gift from Okawaru
 28959 | Orc:1    | Found a transporter.
 28963 | Orc:1    | Found a transporter.
 28963 | Orc:1    | Noticed Encipher's ghost (adept DjDe)
 29198 | Orc:2    | Entered Level 2 of the Orcish Mines
 29202 | Orc:2    | Identified the +4 glaive of Fear {drain, rElec Str+2
                  | Stlth-} (Okawaru gifted it to you on level 2 of the Orcish
                  | Mines)
 29202 | Orc:2    | Received a gift from Okawaru
 29299 | Orc:2    | Found a staircase to the Elven Halls.
 30314 | Orc:1    | Received a gift from Okawaru
 30714 | Orc:2    | Received a gift from Okawaru
 31132 | Orc:2    | Found Rareshur's Weapon Shoppe.
 31134 | Orc:2    | Found Bimuheront's Antique Weapon Emporium.
 31136 | Orc:2    | Found Byafraz's Jewellery Shoppe.
 31137 | Orc:2    | Found Fopaveez's Distillery.
 31143 | Orc:2    | Bought a potion of heal wounds for 80 gold pieces
 31146 | Orc:2    | Bought a fine hand axe for 280 gold pieces
 31146 | Orc:2    | Identified the +11 hand axe of Disembowelment {flame, rF+}
                  | (You bought it in a shop on level 2 of the Orcish Mines)
 32244 | D:15     | Received a gift from Okawaru
 32255 | D:15     | Found Jasufuhi's General Store.
 32258 | D:15     | Bought a scroll of identify for 30 gold pieces
 32663 | D:15     | Noticed Louise
 32740 | D:15     | Received a gift from Okawaru
 32938 | D:15     | Found a sparkling altar of Nemelex Xobeh.
 33004 | D:15     | Killed Louise
 33085 | D:15     | Reached XP level 17. HP: 122/135 MP: 32/32
 33169 | D:15     | Found Fysiw's Jewellery Emporium.
 33313 | D:15     | Received a gift from Okawaru
 33628 | Elf:1    | Entered Level 1 of the Elven Halls
 33645 | Elf:1    | Reached skill level 10 in Conjurations
 33645 | Elf:1    | Reached skill level 10 in Hexes
 33645 | Elf:1    | Reached skill level 10 in Summonings
 33645 | Elf:1    | Reached skill level 10 in Necromancy
 33645 | Elf:1    | Reached skill level 10 in Translocations
 33645 | Elf:1    | Reached skill level 10 in Transmutations
 33645 | Elf:1    | Reached skill level 10 in Fire Magic
 33645 | Elf:1    | Reached skill level 10 in Ice Magic
 33645 | Elf:1    | Reached skill level 10 in Air Magic
 33645 | Elf:1    | Reached skill level 10 in Earth Magic
 33645 | Elf:1    | Reached skill level 10 in Poison Magic
 33663 | Elf:1    | Received a gift from Okawaru
 34077 | Elf:1    | Paralysed by an air elemental for 1 turns
 34078 | Elf:1    | Reached skill level 13 in Invocations
 34078 | Elf:1    | Noticed a Hell Sentinel
 34107 | Elf:2    | Noticed a deep elf blademaster
 34443 | Elf:2    | Found a runed translucent door.
 34443 | Elf:2    | Noticed Shayle's ghost (adept DsRe)
 34893 | Elf:2    | Found a shimmering blue altar of Sif Muna.
 34982 | Elf:1    | Received a gift from Okawaru
 35311 | Elf:1    | Received a gift from Okawaru
 35688 | Abyss:3  | Cast into level 3 of the Abyss (a deep elf demonologist)
 35721 | Abyss:3  | Found a corrupted altar of Lugonu.
 35826 | Abyss:3  | Received a gift from Okawaru
 35999 | Abyss:3  | Noticed a tentacled starspawn
 36006 | Abyss:3  | Killed a tentacled starspawn
 36111 | Abyss:3  | Found a corrupted altar of Lugonu.
 36114 | Abyss:3  | Found a runed translucent gate.
 36114 | Abyss:3  | Found a runed translucent gate.
 36114 | Abyss:3  | Found a runed translucent gate.
 36157 | Abyss:3  | Noticed a tentacled starspawn
 36228 | Abyss:3  | Found a corrupted altar of Lugonu.
 36233 | Abyss:3  | Paralysed by an air elemental for 1 turns
 36269 | Abyss:3  | Noticed a profane servitor
 36570 | Abyss:3  | Found a corrupted altar of Lugonu.
 36654 | Abyss:3  | Received a gift from Okawaru
 36657 | Elf:1    | Escaped the Abyss
 36662 | Elf:1    | Noticed a Brimstone Fiend
 36970 | Elf:1    | Found a runed translucent gate.
 36970 | Elf:1    | Found a runed translucent gate.
 36970 | Elf:1    | Found a runed translucent gate.
 36970 | Elf:1    | Found a runed translucent gate.
 36970 | Elf:1    | Found a runed translucent gate.
 36980 | Elf:1    | Found a runed translucent gate.
 37118 | Elf:1    | Identified the +9 whip of Joyful Slaughter {drain, Fragile
                  | rElec rF++ rCorr}
 37118 | Elf:1    | Identified the amulet "Puudwuof" {RegenMP *Corrode Str+4
                  | Dex+2}
 37187 | Elf:1    | Found a shimmering blue altar of Sif Muna.
 37313 | Elf:1    | Got the Teachings on the Mob
 37549 | Elf:2    | Identified the +0 pair of gloves "Xuin" {rPois rN+}
                  | (Okawaru gifted it to you on level 2 of the Elven Halls)
 37549 | Elf:2    | Received a gift from Okawaru
 37550 | Elf:2    | Reached XP level 18. HP: 100/143 MP: 31/34
 38177 | Elf:2    | Found Qearussei's Magic Scroll Shoppe.
 38185 | Elf:2    | Bought a scroll of teleportation for 60 gold pieces
 38185 | Elf:2    | Bought a scroll of teleportation for 60 gold pieces
 38185 | Elf:2    | Bought a scroll of teleportation for 60 gold pieces
 38185 | Elf:2    | Bought a scroll of teleportation for 60 gold pieces
 38185 | Elf:2    | Bought a scroll of identify for 40 gold pieces
 38330 | Elf:2    | Identified a scroll of acquirement
 38468 | Elf:2    | Found a huge runed translucent gate.
 38468 | Elf:2    | Found a huge runed translucent gate.
 38468 | Elf:2    | Found a huge runed translucent gate.
 38469 | Elf:2    | Found a huge runed translucent gate.
 38471 | Elf:2    | Found a huge runed translucent gate.
 38625 | Elf:3    | Entered Level 3 of the Elven Halls
 38638 | Elf:3    | Acquired 916 gold pieces
 38976 | Elf:3    | Found Hepsum's Assorted Antiques.
 39355 | Elf:3    | Paralysed by an air elemental for 1 turns
 39464 | Elf:3    | Bought a pair of runed boots for 277 gold pieces
 39693 | Elf:3    | Received a gift from Okawaru
 40116 | Abyss:3  | Cast into level 3 of the Abyss (a deep elf demonologist)
 40136 | Abyss:3  | Noticed a bone dragon
 40268 | Abyss:3  | Found a corrupted altar of Lugonu.
 40288 | Abyss:3  | Noticed a tentacled monstrosity
 40290 | Abyss:3  | Reached skill level 14 in Invocations
 40305 | Abyss:3  | Killed a tentacled monstrosity
 40305 | Abyss:3  | Received a gift from Okawaru
 40432 | Abyss:3  | Found a corrupted altar of Lugonu.
 40439 | Abyss:3  | Found a corrupted altar of Lugonu.
 40439 | Abyss:3  | Found a corrupted altar of Lugonu.
 40563 | Abyss:3  | Received a gift from Okawaru
 40617 | Abyss:3  | Found a corrupted altar of Lugonu.
 40698 | Abyss:3  | Received a gift from Okawaru
 40769 | Elf:3    | Escaped the Abyss
 41000 | Elf:3    | Noticed an Ice Fiend
 41000 | Abyss:3  | Cast into level 3 of the Abyss (a deep elf demonologist)
 41192 | Abyss:3  | Received a gift from Okawaru
 41336 | Abyss:3  | Noticed a dread lich
 41398 | Abyss:3  | Killed a dread lich
 41399 | Abyss:3  | Reached XP level 19. HP: 100/151 MP: 31/36
 41572 | Elf:3    | Escaped the Abyss
 41777 | Lair:1   | Received a gift from Okawaru
 41938 | Lair:2   | Killed Darkkill's ghost
 42023 | Lair:3   | Killed Liwostraq's ghost
 42152 | Lair:5   | Killed Atlas's ghost
 42368 | Shoals:1 | Entered Level 1 of the Shoals
 42606 | Lair:3   | Received a gift from Okawaru
 42643 | Shoals:1 | Acquired the ring "Acofer" {rElec rN+ Dex+3 SInv}
 42874 | Shoals:1 | Found Geur's Vocational Training.
 42919 | Shoals:1 | Bought a manual of Evocations for 960 gold pieces
 42919 | Shoals:1 | Bought a manual of Invocations for 960 gold pieces
 43118 | Shoals:2 | Received a gift from Okawaru
 43523 | Shoals:2 | Received a gift from Okawaru
 43751 | Shoals:3 | Found a runed translucent door.
 43751 | Shoals:3 | Found a shimmering altar of Xom.
 43751 | Shoals:3 | Noticed SirDiesAlot's ghost (adept SpFE)
 43794 | Shoals:3 | Received a gift from Okawaru
 44084 | Shoals:4 | Entered Level 4 of the Shoals
 44097 | Shoals:4 | Reached skill level 15 in Invocations
 44104 | Shoals:4 | Reached skill level 15 in Axes
 44104 | Shoals:4 | Reached skill level 15 in Dodging
 44452 | Shoals:4 | Received a gift from Okawaru
 44723 | Shoals:4 | Received a gift from Okawaru
 45188 | Shoals:4 | Received a gift from Okawaru
 45410 | Shoals:4 | Identified the +13 crystal plate armour of Okawaru,
                  | Teaching {Rampage rN+ Will+ Dex+4} (Okawaru gifted it to
                  | you on level 4 of the Shoals)
 45410 | Shoals:4 | Received a gift from Okawaru
 45458 | Shoals:4 | Reached XP level 20. HP: 131/160 MP: 37/37
 46152 | Shoals:4 | Identified the ring "Azenova" {+Blink rElec rF+ AC+4 SInv}
 46155 | Shoals:4 | Identified the -1 helmet of Valour {rElec rN++ Will+ Regen+
                  | Str-4}
 46205 | Shoals:4 | Identified the +0 plate armour of Contumacious Joy {+Inv
                  | rElec Int-5 Dex+6}
 46206 | Shoals:4 | Identified the +5 storm dragon scales "Saisy" {rElec rN+
                  | Will- Dex+4}
 46212 | Shoals:4 | Acquired 752 gold pieces
 46242 | Shoals:4 | Got a barnacled rune of Zot
 46305 | Shoals:3 | Killed SirDiesAlot's ghost
 46389 | Snake:1  | Entered Level 1 of the Snake Pit
 46483 | Snake:1  | Noticed Aizul
 46484 | Snake:1  | Found Kuaheiv's Distillery.
 46486 | Snake:1  | Found Akybaa's Distillery.
 46488 | Snake:1  | Found Moenn's Book Boutique.
 46495 | Snake:1  | Killed Aizul
 46562 | Snake:1  | Bought a potion of heal wounds for 75 gold pieces
 46564 | Snake:1  | Bought a potion of curing for 48 gold pieces
 46564 | Snake:1  | Bought a potion of heal wounds for 80 gold pieces
 46578 | Snake:1  | Noticed Rupert
 46660 | Snake:1  | Killed Rupert
 46968 | Snake:1  | Reached skill level 16 in Invocations
 47917 | Snake:2  | Found an iron altar of Okawaru.
 48096 | Snake:2  | Identified the +1 ring mail of Zogh {Stlth+}
 48125 | Snake:2  | Identified the +0 ring mail of Keiseinei {Will+} (Okawaru
                  | gifted it to you on level 2 of the Snake Pit)
 48125 | Snake:2  | Received a gift from Okawaru
 48367 | Snake:2  | Reached skill level 15 in Evocations
 48705 | Snake:2  | You are sucked into a shaft and drop 1 floor!
 49040 | Snake:3  | Reached skill level 15 in Fighting
 49040 | Snake:3  | Reached skill level 15 in Throwing
 49656 | Snake:3  | Received a gift from Okawaru
 50173 | Snake:3  | Identified the +0 pair of boots of Guinefa {Stlth+}
                  | (Okawaru gifted it to you on level 3 of the Snake Pit)
 50173 | Snake:3  | Received a gift from Okawaru
 50422 | Snake:4  | Entered Level 4 of the Snake Pit
 50523 | Snake:4  | Reached skill level 17 in Invocations
 50649 | Snake:4  | Reached XP level 21. HP: 148/168 MP: 39/39
 50770 | Snake:4  | Noticed Nikola
 50787 | Snake:4  | Killed Nikola
 51293 | Snake:4  | Received a gift from Okawaru
 51712 | Snake:4  | Got a serpentine rune of Zot
 52288 | Elf:2    | Killed Shayle's ghost
 52290 | Elf:2    | Identified the amulet "Gerchoh" {Acrobat rC+ Str+4}
 52435 | Elf:2    | Received a gift from Okawaru
 52656 | Elf:2    | Reached skill level 15 in Short Blades
 52656 | Elf:2    | Reached skill level 15 in Long Blades
 52656 | Elf:2    | Reached skill level 15 in Maces & Flails
 52656 | Elf:2    | Reached skill level 15 in Polearms
 52656 | Elf:2    | Reached skill level 15 in Staves
 52656 | Elf:2    | Reached skill level 15 in Ranged Weapons
 52656 | Elf:2    | Reached skill level 15 in Armour
 52656 | Elf:2    | Reached skill level 15 in Stealth
 52656 | Elf:2    | Reached skill level 15 in Shields
 52656 | Elf:2    | Reached skill level 15 in Unarmed Combat
 52656 | Elf:2    | Reached skill level 15 in Spellcasting
 52992 | Elf:3    | Identified the amulet "Ecuanof" {Spirit +Inv Str-5 Int+3}
 52997 | Elf:3    | Identified the +6 dagger of the Establishment {elec, *Slow
                  | MP+9 Dex+5}
 53028 | Elf:3    | Reached skill level 18 in Invocations
 53054 | Elf:3    | HP: 6/170 [deep elf master archer/arrow (9)]
 53212 | Elf:3    | Identified the +4 halberd of Debt {flame, rPois rF+ SInv}
 53244 | Elf:3    | Identified the ring of Beauty {rF+ rN+}
 53331 | Elf:3    | Received a gift from Okawaru
 53453 | Elf:3    | Identified the +0 great sword "Grim Tooth" {protect, rF+
                  | SInv}
 53471 | Elf:3    | Found the +0 mask of the Dragon {Will+ Slay+3 SInv}
 53496 | Elf:3    | Got the Catalogue of Geological Infection
 53844 | Orc:1    | Received a gift from Okawaru
 53864 | Orc:1    | Killed Encipher's ghost
 53890 | Orc:1    | Reached skill level 15 in Summonings
 53890 | Orc:1    | Reached XP level 22. HP: 177/177 MP: 41/41
 53891 | Orc:1    | Reached XP level 23. HP: 184/184 MP: 42/42
 54168 | D:15     | Bought 2 potions of curing for 84 gold pieces
 54168 | D:15     | Bought a potion of curing for 42 gold pieces
 54168 | D:15     | Bought a potion of heal wounds for 70 gold pieces
 54168 | D:15     | Bought a potion of mutation for 112 gold pieces
 54168 | D:15     | Bought a potion of curing for 42 gold pieces
 54224 | Vaults:1 | Entered Level 1 of the Vaults
 54301 | Vaults:1 | Reached XP level 24. HP: 179/191 MP: 42/42
 54468 | Abyss:3  | Found a corrupted altar of Lugonu.
 54468 | Abyss:3  | Cast into level 3 of the Abyss (a wizard)
 54794 | Abyss:3  | Received a gift from Okawaru
 54845 | Abyss:3  | Found a radiant altar of Vehumet.
 55004 | Abyss:3  | Found a corrupted altar of Lugonu.
 55021 | Abyss:3  | Reached skill level 19 in Invocations
 55277 | Abyss:3  | Learned a level 5 spell: Silence
 55423 | Abyss:3  | Received a gift from Okawaru
 55484 | Vaults:1 | Escaped the Abyss
 55823 | Vaults:1 | Received a gift from Okawaru
 56033 | Vaults:1 | Found Nismuc's Jewellery Shoppe.
 56247 | Vaults:1 | Received a gift from Okawaru
 56545 | Vaults:2 | Identified the +0 crystal plate armour "Aplir" {rPois Will-
                  | Int+5} (Okawaru gifted it to you on level 2 of the Vaults)
 56545 | Vaults:2 | Received a gift from Okawaru
 57505 | Vaults:2 | Reached skill level 20 in Invocations
 58055 | Vaults:3 | Reached XP level 25. HP: 179/200 MP: 43/43
 58055 | Vaults:3 | Received a gift from Okawaru
 58065 | Vaults:3 | Received a gift from Okawaru
 58127 | Vaults:3 | Found a flickering gateway to a bazaar.
 58139 | Bazaar   | Entered a bazaar
 58139 | Bazaar   | Found Keorupt's Antique Weapon Emporium.
 58149 | Bazaar   | Found Wobbulic's Antique Weapon Boutique.
 58159 | Bazaar   | Found Betriruch's Jewellery Shoppe.
 58191 | Bazaar   | Found Woenooj's Assorted Antiques.
 58221 | Bazaar   | Bought a runed war axe for 175 gold pieces
 58230 | Bazaar   | Bought a glowing war axe for 175 gold pieces
 58278 | Bazaar   | Bought a glowing war axe for 195 gold pieces
 58380 | Vaults:3 | Received a gift from Okawaru
 58625 | Vaults:3 | Noticed Xtahua
 58640 | Vaults:3 | Killed Xtahua
 58734 | Vaults:3 | Received a gift from Okawaru
 58844 | Vaults:3 | Received a gift from Okawaru
 59187 | Vaults:3 | Received a gift from Okawaru
 59225 | Vaults:3 | Identified the +3 pair of gloves of Responsibility {rPois
                  | Will+ Int+2} (Okawaru gifted it to you on level 3 of the
                  | Vaults)
 59225 | Vaults:3 | Received a gift from Okawaru
 59698 | Vaults:3 | Found a staircase to the Crypt.
 59992 | Vaults:4 | Identified the +8 halberd of Focus {venom, Drain rCorr
                  | Str-4 SInv}
 60334 | Vaults:4 | Reached skill level 21 in Invocations
 61195 | Depths:1 | Entered Level 1 of the Depths
 61195 | Depths:1 | You are sucked into a shaft and drop 1 floor!
 61276 | Depths:2 | Found a one-way gate to the infinite horrors of the Abyss.
 61458 | Depths:1 | Received a gift from Okawaru
 61566 | Depths:1 | Found a gateway to Hell.
 61680 | Depths:1 | Received a gift from Okawaru
 61731 | Depths:1 | Found a one-way gate leading to the halls of Pandemonium.
 61754 | Depths:1 | Reached XP level 26. HP: 208/209 MP: 43/43
 61790 | Depths:1 | Identified the +7 plate armour of Powerful Surprise {Drain
                  | rF+ Dex+3} (Okawaru gifted it to you on level 1 of the
                  | Depths)
 61790 | Depths:1 | Received a gift from Okawaru
 61824 | Depths:1 | Paralysed by a floating eye for 3 turns
 62322 | Depths:1 | Paralysed by a floating eye for 4 turns
 62344 | Depths:1 | Got the Precepts of Feathers and Ensorcelling
 62552 | Depths:1 | Noticed Saint Roka
 62579 | Depths:1 | Killed Saint Roka
 63381 | Depths:2 | Found a bloodstained altar of Trog.
 63631 | Depths:2 | Found the amulet of Vitality {RegenMP++ Regen++}
 64245 | Depths:3 | Received a gift from Okawaru
 64245 | Depths:3 | Found the +3 pair of gauntlets of War {Slay+5}
 64281 | Depths:3 | Identified the +0 scale mail of the Will of the Gods {Int+4
                  | Dex+4 SInv}
 64306 | Depths:3 | Found Duraustri's General Store.
 64316 | Depths:3 | Reached skill level 22 in Invocations
 64362 | Depths:3 | Bought a scroll of magic mapping for 165 gold pieces
 64742 | Depths:3 | Found Rosuhe's Antique Weapon Shop.
 65002 | Depths:3 | Identified the +2 dire flail of Gravity {flame, Contam
                  | rElec Int-2 Dex+8}
 65019 | Depths:3 | Got the Grimoire of the Stormy Anticline
 65175 | Depths:4 | Entered Level 4 of the Depths
 65400 | Depths:4 | Reached skill level 15 in Conjurations
 65400 | Depths:4 | Reached skill level 15 in Hexes
 65400 | Depths:4 | Reached skill level 15 in Necromancy
 65400 | Depths:4 | Reached skill level 15 in Translocations
 65400 | Depths:4 | Reached skill level 15 in Transmutations
 65400 | Depths:4 | Reached skill level 15 in Fire Magic
 65400 | Depths:4 | Reached skill level 15 in Ice Magic
 65400 | Depths:4 | Reached skill level 15 in Air Magic
 65400 | Depths:4 | Reached skill level 15 in Earth Magic
 65400 | Depths:4 | Reached skill level 15 in Poison Magic
 65622 | Depths:4 | Identified the +2 pair of boots of the Orb Guardian {rF+
                  | Int+5} (Okawaru gifted it to you on level 4 of the Depths)
 65622 | Depths:4 | Received a gift from Okawaru
 65726 | Depths:4 | Found a one-way gateway to a ziggurat.
 65963 | Depths:4 | Found a gate to the Realm of Zot.
 66095 | Depths:4 | Found Pairhum's General Store.
 66097 | Depths:4 | Found Goteic's Assorted Antiques.
 66105 | Depths:4 | Bought a scroll of teleportation for 96 gold pieces
 66376 | Depths:4 | Reached XP level 27. HP: 218/218 MP: 44/44
 66648 | Vaults:5 | Entered Level 5 of the Vaults
 66819 | Vaults:5 | Identified the +2 ring mail "Vagobb Qasto" {rPois Stlth+}
 66821 | Vaults:5 | Acquired the Atlas of Maleficent Deeds and Malisons
 67151 | Vaults:5 | Noticed an ancient lich
 67173 | Vaults:5 | Killed an ancient lich
 67207 | Vaults:5 | Noticed a dread lich
 67221 | Vaults:5 | Reached skill level 23 in Invocations
 67246 | Vaults:5 | Killed a dread lich
 67322 | Vaults:5 | Received a gift from Okawaru
 67390 | Vaults:5 | Found Dypp's Assorted Antiques.
 67414 | Vaults:5 | Bought a scroll of enchant weapon for 322 gold pieces
 67414 | Vaults:5 | Bought a scroll of enchant weapon for 322 gold pieces
 67414 | Vaults:5 | Bought a scroll of enchant armour for 322 gold pieces
 67414 | Vaults:5 | Bought a scroll of enchant armour for 322 gold pieces
 67462 | Vaults:5 | Identified the +10 crystal plate armour of the Zebra {Int+7
                  | Dex+4} (Okawaru gifted it to you on level 5 of the Vaults)
 67462 | Vaults:5 | Received a gift from Okawaru
 67488 | Vaults:5 | Noticed Bai Suzhen
 67503 | Vaults:5 | Killed Bai Suzhen
 67826 | Vaults:5 | Got a silver rune of Zot
 67998 | Vaults:5 | Noticed an ancient lich
 68019 | Vaults:5 | Killed an ancient lich
 68135 | Vaults:5 | Identified the +3 buckler of Fageciut {Fly rF+ Str+4}
 68964 | D:13     | You paid a toll of +3 shadow dragon scales to enter a
                  | treasure trove
 68965 | Trove    | Entered a treasure trove
 69001 | D:13     | Upgraded the game from 0.30-a0-585-g93115170b9 to
                  | 0.30-a0-586-g23e55c9e0a
 69006 | D:13     | Learned a level 2 spell: Blink
 69127 | Depths:1 | Voluntarily entered the Abyss.
 69173 | Abyss:3  | Received a gift from Okawaru
 69468 | Abyss:3  | Found a corrupted altar of Lugonu.
 69515 | Abyss:3  | Paralysed by accursed screaming for 1 turns
 69544 | Depths:1 | Escaped the Abyss
 69708 | Depths:1 | Voluntarily entered the Abyss.
 69989 | Abyss:5  | Gained mutation: You are occasionally teleported next to
                  | monsters. [a cacodemon]
 70056 | Abyss:5  | Reached skill level 24 in Invocations
 70070 | Depths:1 | Escaped the Abyss
 70072 | Depths:1 | Voluntarily entered the Abyss.
 70135 | Abyss:5  | Found a corrupted altar of Lugonu.
 70174 | Abyss:5  | Identified the +10 war axe of Trial by Ordeal {pain, rElec
                  | rF+ rN+} (Okawaru gifted it to you on level 5 of the Abyss)
 70174 | Abyss:5  | Received a gift from Okawaru
 70253 | Abyss:6  | HP: 9/223 [acid blob (24)]
 70253 | Abyss:6  | Splashed by an acid blob's acid

Illustrated notes

Levels and vault maps discovered:
D:1:      dpeg_arrival_orchard, layout_loops_corners, hangedman_glass_teeth
D:2:      layout_basic, uniq_crazy_yiuf_cottage
D:3:      layout_rooms, mainiacjoe_overflow_catwalk_spiral
D:4:      layout_basic, lemuel_zombie_altar_yredelemnul, uniq_sigmund
D:5:      layout_basic, uniq_pikel
D:6:      layout_layer_cave, nicolae_hepliaklqana_hazy_memory,
          chequers_serial_rivers_micro_c, uniq_duvessa
D:7:      layout_rooms, grunt_temple_overflow_open,
          minmay_temple_entry_statues_pillars, kennysheep_potato
D:8:      layout_rooms, uniq_gastronok, uniq_maurice
D:9:      layout_long_grid
D:10:     layout_big_octagon, hangedman_decor_slide_cut, minivault_26
D:11:     layout_basic, hellmonk_lair_entry_icy, serial_glass, glass_columns_a,
          glass_columns_a
D:12:     cheibrodos_shockbox, layout_stronghold, uniq_urug
D:13:     gammafunk_wand_slinger, layout_rooms, enter_trove_1,
          portal_ice_cave_rime, minmay_statue_bubble
D:14:     layout_loops_ring, erik_vaults_1, serial_bayou, serial_bayou_pond_b,
          serial_bayou_pond_c, serial_bayou_pond_d, serial_bayou_shore_b,
          serial_bayou_pond_a, serial_bayou_pond_d, pf_eden, uniq_snorg
D:15:     gammafunk_depths_entry_grave, layout_irregular_city, serial_shops,
          nicolae_shop_behind_doors, nicolae_square_shop,
          nicolae_shop_hallway_stairs, nicolae_shop_behind_doors,
          nicolae_shop_statue_plus, nemelex_altar_shiori, st_stairs_8,
          uniq_louise
Temple:   hellmonk_temple_of_storms
Lair:1:   layout_cave_pods, gauntlet_entry_generic, roderic_batcave,
          lemuel_fruit_fields
Lair:2:   layout_layer_cave, gammafunk_ghost_split, beast_lair_carwin_1,
          grunt_megastairs_5
Lair:3:   layout_cave_pods, nicolae_shoals_entry_roost,
          minmay_snake_entry_six_corridors, special_room
          [special_room_mythical_zoo], gammafunk_ghost_necromancy,
          lemuel_old_faithful, serial_bayou_shore_b
Lair:4:   nzn_winding_woodlands_cross [nzn_winding_woodlands_5x15_twine,
          nzn_winding_woodlands_5x15_zeroes, nzn_winding_woodlands_5x15_jagged,
          nzn_winding_woodlands_5x15_cabin,
          nzn_winding_woodlands_15x15_eel_pit], layout_cave_pods,
          nicolae_slime_entry_slimehenge
Lair:5:   due_jungle_book, layout_long_grid, hellmonk_ghost_happy_afterlife
Shoals:1: layout_shoals, nicolae_shop_vocational
Shoals:2: layout_shoals, nicolae_shoals_undead_eyrie
Shoals:3: layout_shoals, ebering_ghost_xom
Shoals:4: shoals_end_hellmonk_lost_city
Snake:1:  layout_chambers, minmay_shop_star, nicolae_triple_integral,
          uniq_aizul, uniq_rupert
Snake:2:  layout_chambers, basic_altar
Snake:3:  layout_onion, nicolae_snake_magic_snake_eye
Snake:4:  grunt_snake_rune_pools, layout_cave_town, grunt_megastairs_1,
          uniq_nikola
Orc:1:    layout_diamond_mine, gammafunk_ghost_arena, minmay_orc_temple_a,
          uniq_erica
Orc:2:    st_orc_pillars, layout_caves, basic_altar
Elf:1:    nicolae_elf_arrival_no_cutting_in_line, layout_gridlike, orc_legates,
          serial_sigils_hangedman_carve, hangedman_summoners_spam
Elf:2:    elven_hall_of_blades_hangedman_alternative
          [nicolae_blade_entry_hurt_lockers], layout_onion_city,
          ebering_ghost_inner_flame, serial_shops, shop, basic_altar
Elf:3:    elf_hall_gauntlet_narrow, layout_onion_city, serial_shops,
          nicolae_shop_stone
Vaults:1: nicolae_vaults_circle_grid_b, v_misc_8,
          nicolae_vaults_disjoint_gnomons, v_misc_9, st_spiral_rooms,
          v_pattern_4, hangedman_vaults_variations,
          nicolae_vaults_yaktaur_gun_rack, vaults_dpeg_encased_lava,
          vaults_dpeg_diagonal, v_alt_pattern_6, nicolae_vaults_theta,
          layout_vaults_omnicross, serial_shops, shop
Vaults:2: nicolae_vaults_network_square, nicolae_vaults_shelves_hall,
          vaults_mumra_hexcomb, nicolae_vaults_theta, v_misc_15,
          ontoclasm_vaults_ring_large, nicolae_vaults_arrows, serial_ice_b,
          v_misc_18, vaults_mumra_chevron_long, nicolae_vaults_network_s,
          nicolae_vaults_mini_display_case, layout_vaults_omnibox
Vaults:3: vaults_dpeg_hooks, st_lines, v_misc_1, hangedman_vaults_restitches,
          v_pattern_2, nicolae_vaults_puzzle_piece, vaults_room_semicircle,
          ontoclasm_vaults_eye, nicolae_vaults_little_squares_3,
          nicolae_vaults_asterisk, v_misc_16, v_misc_30,
          nicolae_vaults_rhombus_6, minmay_crypt_entry_simple_box,
          layout_vaults_ring, serial_shops, bzr_in_the_mist, uniq_xtahua
Vaults:4: nicolae_vaults_little_squares_1, ontoclasm_vaults_fault,
          v_alt_pattern_1, st_quartered_hall, nicolae_vaults_little_squares_2,
          v_misc_17, vaults_room_stairs_pillars, vaults_dpeg_ring,
          vaults_room_pools, hangedman_vaults_nails, layout_vaults_chaotic_city
Vaults:5: serial_shops, uniq_bai_suzhen
Depths:1: layout_forbidden_donut, skrybe_limestone_x, grunt_pan_entry_spiral,
          abyss_entry, hell_entry, grunt_decor_mini_mirrors, onia_ninara_cookie,
          uniq_saint_roka
Depths:2: ragdoll_tomb_raider, layout_gridville, grunt_hell_entry_dis_mu,
          grunt_pan_entry_sceptre, minmay_misc_feat_roman,
          hangedman_abyss_entry_splay, evilmike_spriggan_trog_shrine
Depths:3: minmay_the_grid_net [minmay_the_grid_dragon_b,
          minmay_the_grid_stretched_grid, minmay_the_grid_armoury,
          minmay_the_grid_minigrid_small_alt, minmay_the_grid_embedded,
          minmay_the_grid_prize_four_corners_diamond_a], layout_cave_shapes,
          abyss_entry, serial_shops, shop, shop, hell_entry,
          infiniplex_staircase_pool_2
Depths:4: grunt_crosshair, layout_gridville, enter_ziggurat_d, hell_entry,
          chequers_serial_rivers_marsh, rand_demon_pan_entry_4, minmay_shoptagon
Abyss:6:  base: WizLab, hangedman_abyss_mock_shop, evilmike_abyss_rune_ettins

Skill      XL: |  1  2  3  4  5  6  7  8  9 10 11 12 13 14 15 16 17 18 19 20 21 22 23 24 25 26 27 |
---------------+----------------------------------------------------------------------------------+-----
Invocations    | 1 2 3 4 5 6 7 8 9 10 11 12 13 14 15 17 18 20 21 22 24 | 24.1
Short Blades   | 1 2 3 5 6 7 8 9 10 11 12 13 14 15 16 17 18 | 18.6
Long Blades    | 1 2 3 5 6 7 8 9 10 11 12 13 14 15 16 17 18 | 18.6
Maces & Flails | 1 2 3 5 6 7 8 9 10 11 12 13 14 15 16 17 18 | 18.6
Polearms       | 1 2 3 5 6 7 8 9 10 11 12 13 14 15 16 17 18 | 18.6
Staves         | 1 2 3 5 6 7 8 9 10 11 12 13 14 15 16 17 19 | 19.4
Ranged Weapons | 1 2 3 5 6 7 8 9 10 11 12 13 14 15 16 17 18 | 18.6
Armour         | 1 2 3 5 6 7 8 9 10 11 12 13 14 15 16 17 18 | 18.6
Stealth        | 1 2 3 5 6 7 8 9 10 11 12 13 14 15 16 17 18 | 18.6
Shields        | 1 2 3 5 6 7 8 9 10 11 12 13 14 15 16 17 18 | 18.6
Unarmed Combat | 1 2 3 5 6 7 8 9 10 11 12 13 14 15 16 17 18 | 18.6
Spellcasting   | 1 2 3 5 6 7 8 9 10 11 12 13 14 15 16 17 18 | 18.6
Evocations     | 1 2 3 5 6 7 8 9 10 11 12 13 14 15 17 18 19 20 22 | 22.4
Conjurations   | 1 2 3 4 5 6 7 8 9 10 11 12 13 14 15 | 15.9
Hexes          | 1 2 3 4 5 6 7 8 9 10 11 12 13 14 15 | 15.9
Summonings     | 1 2 3 4 5 6 7 8 9 10 11 12 14 15 16 17 18 19 | 19.6
Necromancy     | 1 2 3 4 5 6 7 8 9 10 11 12 13 14 15 | 15.9
Translocations | 1 2 3 4 5 6 7 8 9 10 11 12 13 14 15 | 15.9
Transmutations | 1 2 3 4 5 6 7 8 9 10 11 12 13 14 15 | 15.9
Fire Magic     | 1 2 3 4 5 6 7 8 9 10 11 12 13 14 15 | 15.9
Ice Magic      | 1 2 3 4 5 6 7 8 9 10 11 12 13 14 15 | 15.9
Air Magic      | 1 2 3 4 5 6 7 8 9 10 11 12 13 14 15 | 15.9
Earth Magic    | 1 2 3 4 5 6 7 8 9 10 11 12 13 14 15 | 15.9
Poison Magic   | 1 2 3 4 5 6 7 8 9 10 11 12 13 14 15 | 15.9
Fighting       | 5 6 7 8 9 10 11 12 13 14 15 16 17 18 19 | 19.1
Throwing       | 5 6 7 8 9 10 11 12 13 14 15 16 17 18 19 | 19.1
Axes           | 7 8 9 10 11 12 13 14 15 16 17 18 19 | 19.5
Dodging        | 7 8 9 10 11 12 13 14 15 16 17 18 19 | 19.5

Action                   |  1- 3 |  4- 6 |  7- 9 | 10-12 | 13-15 | 16-18 | 19-21 | 22-24 | 25-27 || total
-------------------------+-------+-------+-------+-------+-------+-------+-------+-------+-------++-------
Melee: War axe           |    73 |    56 |       |       |       |       |       |       |     1 ||   130
       Bite              |     3 |     7 |    37 |   132 |   387 |   246 |   341 |   186 |   506 ||  1845
       Punch             |     1 |     2 |     9 |    68 |   196 |    63 |     1 |       |       ||   340
       Flail             |       |    27 |     9 |       |       |    13 |       |       |       ||    49
       Whip              |       |       |   291 |   860 |  2018 |   142 |       |       |       ||  3311
       Broad axe         |       |       |       |       |       |  1263 |  1815 |   834 |  2235 ||  6147
       Hand axe          |       |       |       |       |       |   120 |       |       |       ||   120
       Long sword        |       |       |       |       |       |    20 |       |       |       ||    20
 Fire: Longbow           |       |       |       |       |       |     8 |     4 |       |       ||    12
Throw: Javelin           |       |       |       |       |     1 |    23 |     6 |       |     2 ||    32
 Cast: Silence           |       |       |       |       |       |       |       |       |     3 ||     3
Invok: Heroism           |       |       |       |    15 |    22 |    44 |    27 |     8 |    17 ||   133
       Finesse           |       |       |       |     1 |       |     1 |       |       |       ||     2
Evoke: Lightning rod     |       |       |       |       |     2 |    17 |     8 |       |     1 ||    28
       Condenser vane    |       |       |       |       |     2 |     7 |     7 |     5 |    10 ||    31
       Wand              |       |       |       |       |     1 |     1 |       |       |       ||     2
  Use: Potion            |       |     3 |       |     8 |       |     9 |    12 |     2 |     2 ||    36
       Scroll            |       |       |     1 |     7 |    15 |    22 |    13 |     3 |    14 ||    75
 Stab: Sleeping          |     1 |     3 |     8 |    16 |    13 |    14 |    18 |    12 |    27 ||   112
       Distracted        |       |       |       |       |     9 |    11 |    11 |     5 |    14 ||    50
       Petrifying        |       |       |       |       |       |       |       |       |     1 ||     1
Armor: Leather armour    |    26 |    13 |    65 |    20 |       |       |       |       |       ||   124
       Steam dragon scal |       |       |       |   164 |       |       |       |       |       ||   164
       Chain mail        |       |       |       |    34 |   824 |   583 |   738 |    17 |   670 ||  2866
       Storm dragon scal |       |       |       |       |       |       |       |   209 |   255 ||   464
       Skin              |       |       |       |       |       |       |       |     1 |       ||     1
Dodge: Dodged            |    72 |    74 |   223 |   692 |  1192 |   964 |  1242 |   498 |  1533 ||  6490
Block: Buckler           |       |       |       |       |       |   370 |   819 |   312 |  1083 ||  2584

Table legend: (Time is in decaauts)
 A = Elapsed time spent in this place.
 B = Non-inter-level travel time spent in this place.
 C = Inter-level travel time spent in this place.
 D = Time resting spent in this place.
 E = Time spent auto-exploring this place.
 F = Levels seen in this place.
 G = Mean time per level.
                   A        B        C        D        E       F      G
               +--------+--------+--------+--------+--------+-----+--------+
         Total |  67878 |  63986 |   3892 |  10744 |  27952 |  58 | 1170.3 |
       Dungeon |  19127 |  17787 |   1340 |   2244 |  10607 |  15 | 1275.1 |
        Temple |     52 |     46 |      6 |      0 |     22 |   1 |   52.0 |
          Lair |  10494 |   9856 |    638 |   1204 |   5793 |   5 | 2098.8 |
        Shoals |   3707 |   3597 |    110 |   1276 |    145 |   4 |  926.8 |
     Snake Pit |   5421 |   5237 |    184 |    458 |   2794 |   4 | 1355.2 |
  Orcish Mines |   2983 |   2676 |    307 |   1057 |    652 |   2 | 1491.5 |
   Elven Halls |   7476 |   7049 |    427 |   2457 |   1454 |   3 | 2492.0 |
        Vaults |   7740 |   7189 |    551 |    142 |   3962 |   5 | 1548.0 |
        Depths |   5206 |   4880 |    326 |    302 |   2467 |   4 | 1301.5 |
         Abyss |   3940 |   3940 |      0 |   1243 |      0 |  11 |  358.2 |
        Bazaar |    152 |    152 |      0 |      0 |     55 |   1 |  152.0 |
         Trove |     29 |     29 |      0 |      0 |      0 |   1 |   29.0 |
      Ice Cave |    892 |    892 |      0 |    247 |      0 |   1 |  892.0 |
      Gauntlet |    653 |    653 |      0 |    114 |      0 |   1 |  653.0 |
               +--------+--------+--------+--------+--------+-----+--------+

Top non-repeatable levels by time:
 Abyss:3: 3512 daAuts
   Elf:2: 2745 daAuts
    D:14: 2734 daAuts
  Lair:5: 2706 daAuts
    D:12: 2675 daAuts
   Elf:3: 2400 daAuts
  Lair:3: 2365 daAuts
   Elf:1: 2330 daAuts
  Lair:4: 2192 daAuts
Vaults:5: 1975 daAuts
  Lair:2: 1972 daAuts
    D:15: 1824 daAuts
   Orc:1: 1740 daAuts
 Snake:3: 1676 daAuts
Depths:2: 1633 daAuts
